 Dungeon Crawl Stone Soup version 0.31.0-32-g396128a36d (webtiles) character file.

Game seed: 16086892546480351209

8708 TacoSundae the Grappler (level 11, -1/126 HPs)
             Began as a Gnoll Shapeshifter on Apr 15, 2024.
             Was a Follower of Dithmenos.
             Slain by an ogre
             ... wielding a +0 giant club
             ... led by Lodul
              (25 damage)
             ... on level 10 of the Dungeon.
             The game lasted 00:33:12 (12190 turns).

TacoSundae the Grappler (Gnoll Shapeshifter)       Turns: 12190, Time: 00:33:12

Health: -1/126     AC: 25    Str: 18    XL:     11   Next: 35%
Magic:  0/20       EV:  2    Int:  9    God:    Dithmenos [*.....]
Gold:   548        SH:  0    Dex: 12    Spells: 22/22 levels left

rFire   . .          .
                       - Unarmed
rCold   . . .        (no shield)
rNeg    . . .        K - melded +0 robe {rC+}
rPois   +            P - melded +1 helmet
rElec   .            f - melded scarf {rC+ rF+}
rCorr   .            k - melded +0 pair of gloves
SInv    .            (boots currently unavailable)
Will    .....        J - amulet of guardian spirit
Stlth   ++++         v - +5 ring of evasion
HPRegen 0.41/turn    (no ring)
MPRegen 0.17/turn

%: guardian spirit
@: tree-form, wreathed by umbra
A: stationary, stasis, torment immunity, boosted hp, (fangs 1), strong nose,
distributed training
a: Renounce Religion


You were on level 10 of the Dungeon.
You worshipped Dithmenos.
Dithmenos was aware of your devotion.
You were a tree.
You visited 2 branches of the dungeon, and saw 11 of its levels.
You also visited: Ossuary.

You collected 565 gold pieces.
You spent 17 gold pieces at shops.

Inventory:

Hand Weapons
 n - a +2 rapier of venom
 u - a +2 rapier of venom
 L - the +2 falchion of Reasonable Gallantry {flame, rF- Will++ Str+3}
   (You took it off a wight on level 8 of the Dungeon)

   Str+3:     It affects your strength (+3).
   rF-:       It makes you vulnerable to fire.
   Will++:    It greatly increases your willpower.
Missiles
 i - a throwing net (quivered)
Armour
 f - a scarf of resistance (melded)
 k - a +0 pair of gloves (melded)
 H - a scarf of invisibility
 K - a +0 robe of cold resistance (melded)
 M - a +0 troll leather armour
 P - a +1 helmet (melded)
Jewellery
 l - a +6 ring of intelligence
 v - a +5 ring of evasion (left branch)
 x - a ring of ice
 J - an amulet of guardian spirit (around neck)
Talismans
 c - a beast talisman
 d - a flux talisman (active)
 y - a blade talisman
 N - a serpent talisman
Wands
 p - a wand of flame (1)
 q - a wand of polymorph (12)
 A - a wand of roots (11)
 O - a wand of mindburst (18)
Scrolls
 a - 2 scrolls of enchant armour
 e - 5 scrolls of teleportation
 g - a scroll of enchant weapon
 o - a scroll of fear
 z - 3 scrolls of revelation
 F - a scroll of blinking
Potions
 b - 2 potions of haste
 h - 5 potions of attraction
 j - 3 potions of heal wounds
 m - 4 potions of might
 r - 4 potions of curing
 s - 2 potions of magic
 t - a potion of invisibility {unknown}
 w - 3 potions of brilliance
 B - 2 potions of ambrosia
 C - 3 potions of enlightenment {unknown}
 D - a potion of cancellation {unknown}
 E - a potion of berserk rage {unknown}
 I - a potion of resistance {unknown}


   Skills:
 + Level 7.0 Fighting
 + Level 6.4 Short Blades
 + Level 6.4 Long Blades
 + Level 6.4 Axes
 + Level 6.4 Maces & Flails
 + Level 6.4 Polearms
 + Level 6.4 Staves
 + Level 6.4 Ranged Weapons
 + Level 6.4 Throwing
 + Level 6.4 Armour
 + Level 8.0 Dodging
 + Level 6.4 Stealth
 + Level 6.4 Shields
 + Level 9.3 Unarmed Combat
 + Level 6.4 Spellcasting
 + Level 5.3 Conjurations
 + Level 5.3 Hexes
 + Level 5.3 Summonings
 + Level 5.3 Necromancy
 + Level 5.3 Translocations
 + Level 5.3 Fire Magic
 + Level 5.3 Ice Magic
 + Level 5.3 Air Magic
 + Level 5.3 Earth Magic
 + Level 5.3 Alchemy
 + Level 7.1 Invocations
 + Level 6.4 Evocations
 + Level 8.9 Shapeshifting


You had 22 spell levels left.
You didn't know any spells.
Your spell library contained the following spells:

 Spells                   Type           Power      Damage    Failure   Level
 Ensorcelled Hibernation  Hex/Ice        24%        N/A       3%          2
 Sublimation of Blood     Necr           12%        N/A       3%          2
 Inner Flame              Hex/Fire       12%        N/A       7%          3
 Passwall                 Erth           12%        N/A       7%          3
 Swiftness                Air            12%        N/A       7%          3
 Tukima's Dance           Hex            12%        N/A       7%          3
 Passage of Golubria      Tloc           12%        N/A       24%         4
 Petrify                  Alch/Erth      12%        N/A       24%         4
 Irradiate                Conj/Alch      6%         3d13      54%         5
 Yara's Violent Unravell  Hex/Alch       6%         3d5       54%         5
 Ignition                 Fire           6%         3d4       100%        8


Dungeon Overview and Level Annotations

Branches:
Dungeon (10/15)            Temple (1/1) D:7            Lair (0/5) D:9
    Orc (0/2) D:10        Ossuary (visited)

Altars:
Ashenzari
Cheibriados
Dithmenos
Elyvilon
Fedhas
Gozag
Hepliaklqana
Kikubaaqudgha
Makhleb
Nemelex Xobeh
Okawaru
Qazlal
Ru
Sif Muna
Trog
Uskayaw
Vehumet
Wu Jian
Xom
Yredelemnul
Zin
The Shining One
Lugonu

Shops:
D:1 [   D:4 *

Annotations:
D:3 1 runed translucent door, Crazy Yiuf


Innate Abilities, Weirdness & Mutations

You are a tree.
Your roots penetrate the ground, keeping you stationary.
You cannot be teleported.
You are immune to unholy pain and torment.
Your maximum health is greatly increased.
Your equipment is partially melded.
((You have very sharp teeth.))
Your uncanny sense of smell can sniff out nearby items.
Your experience applies equally to all skills.


Message History

Lodul hits you with a +0 dire flail of protection!!
You smack Lodul!
Lodul is moderately wounded.
An ogre comes into view. It is wielding a +0 giant spiked club.
An ogre comes into view. It is wielding a +0 giant club.
You pummel Lodul!!
Lodul is heavily wounded.
Lodul hits you but does no damage.
You hit Lodul.
Lodul is severely wounded.
You completely miss Lodul.
Lodul is severely wounded.
Lodul lets out a whooping war cry.
Lodul hits you but does no damage.
You pummel Lodul!!
You kill Lodul!
Dithmenos accepts your kill.
Your Fighting skill increases to level 7!
Your Dodging skill increases to level 8!
Your Invocations skill increases to level 7!
Unknown command.
You swing at nothing.
You smack the ogre!
You punch the ogre!
The ogre is severely wounded.
You swing at nothing.
The ogre hits you with a +0 giant spiked club!!
* * * LOW HITPOINT WARNING * * *
You pummel the ogre!!
You kill the ogre!
Dithmenos accepts your kill.
You smack the ogre!
You punch the ogre!
The ogre is heavily wounded.
You smack the ogre!
You punch the ogre.
You kill the ogre!
Dithmenos accepts your kill. The ogre hits you with a +0 giant club.
* * * LOW HITPOINT WARNING * * *
You swing at nothing.
The ogre hits you with a +0 giant club!!
You die...

#..............#
#.........._...#
#..........8..##
#######...._..#
#.......#
#....####
#####....#
#)O).....#
#♣##.....#
#.##.....#
#........#
#........#
#####........#
#....####....#
#....# #....#
#....# #....#
#....# +..#.#


You could see an ogre.

Vanquished Creatures
  Lodul (D:10)
  Pikel (D:5)
  An elephant (D:9)
  2 komodo dragons (D:9)
  2 trolls (D:9)
  Prince Ribbit (D:7)
  Sigmund (D:3)
  A wyvern (D:8)
  Eustachio (D:4)
  A steam dragon (D:8)
  A chaos spawn (D:6)
  Edmund (D:4)
  An acid dragon (D:9)
  Duvessa (D:7)
  A water moccasin (D:5)
  An ice beast (D:6)
  3 black bears
  An orc warrior (D:8)
  A sky beast (D:7)
  7 ogres
  5 centaurs
  A bullfrog (D:8)
  2 elf zombies (Ossuary)
  A lemure (D:5)
  Blork the orc (D:6)
  A scorpion (D:9)
  A gnoll sergeant (D:6)
  17 wights
  Dowan (D:7)
  A troll zombie (Ossuary)
  24 killer bees
  2 howler monkeys (D:9)
  2 bombardier beetles (D:4)
  A centaur zombie (Ossuary)
  2 jellies
  4 orc priests
  A hound (D:6)
  2 human zombies (Ossuary)
  6 orc wizards
  A sleepcap (D:5)
  Jessica (D:2)
  Terence (D:2)
  An iguana (D:7)
  3 ogre zombies (Ossuary)
  8 mummies
  Robin (D:2)
  11 gnolls
  9 adders
  A shadow imp (D:6)
  3 white imps
  2 ufetubi (D:6)
  An adder zombie (Ossuary)
  2 ribbon worms
  2 dart slugs
  28 orcs
  4 ball pythons
  An endoplasm (D:1)
  A giant cockroach (D:4)
  16 goblins
  8 hobgoblins
  A quokka (D:4)
  4 bats
  3 frilled lizards (D:1)
  A gnoll zombie (Ossuary)
  3 goblin zombies (Ossuary)
  5 hobgoblin zombies (Ossuary)
  7 kobolds
  5 kobold zombies (Ossuary)
  3 quokka zombies (Ossuary)
  5 rats
  3 rat zombies (Ossuary)
250 creatures vanquished.

Notes
Turn   | Place    | Note
-------+----------+-------------------------------------------
     0 | D:1      | TacoSundae the Gnoll Shapeshifter began the quest for the
                  | Orb.
     0 | D:1      | Reached XP level 1. HP: 17/17 MP: 1/1
   156 | D:1      | Reached XP level 2. HP: 20/23 MP: 2/2
   449 | D:1      | Found Mautei's Antique Armour Boutique.
   864 | D:2      | Reached XP level 3. HP: 18/28 MP: 2/4
  1011 | D:2      | Reached skill level 1 in Invocations
  1052 | D:2      | Noticed Robin
  1058 | D:2      | Killed Robin
  1059 | D:2      | Reached skill level 1 in Short Blades
  1059 | D:2      | Reached skill level 1 in Long Blades
  1059 | D:2      | Reached skill level 1 in Axes
  1059 | D:2      | Reached skill level 1 in Maces & Flails
  1059 | D:2      | Reached skill level 1 in Polearms
  1059 | D:2      | Reached skill level 1 in Staves
  1059 | D:2      | Reached skill level 1 in Ranged Weapons
  1059 | D:2      | Reached skill level 1 in Throwing
  1059 | D:2      | Reached skill level 1 in Armour
  1059 | D:2      | Reached skill level 1 in Stealth
  1059 | D:2      | Reached skill level 1 in Shields
  1059 | D:2      | Reached skill level 1 in Spellcasting
  1059 | D:2      | Reached skill level 1 in Evocations
  1075 | D:2      | Reached XP level 4. HP: 27/34 MP: 5/5
  1186 | D:2      | Noticed Terence
  1192 | D:2      | Killed Terence
  1193 | D:2      | Reached skill level 1 in Conjurations
  1193 | D:2      | Reached skill level 1 in Hexes
  1193 | D:2      | Reached skill level 1 in Summonings
  1193 | D:2      | Reached skill level 1 in Necromancy
  1193 | D:2      | Reached skill level 1 in Translocations
  1193 | D:2      | Reached skill level 1 in Fire Magic
  1193 | D:2      | Reached skill level 1 in Ice Magic
  1193 | D:2      | Reached skill level 1 in Air Magic
  1193 | D:2      | Reached skill level 1 in Earth Magic
  1193 | D:2      | Reached skill level 1 in Alchemy
  1666 | D:2      | Found an ornate altar of the Wu Jian Council.
  1808 | D:2      | Noticed Jessica
  1810 | D:2      | Killed Jessica
  1811 | D:2      | Reached XP level 5. HP: 36/40 MP: 5/7
  2062 | D:3      | Noticed Sigmund
  2091 | D:3      | Killed Sigmund
  2092 | D:3      | Reached skill level 5 in Dodging
  2092 | D:3      | Reached XP level 6. HP: 47/47 MP: 7/9
  2612 | D:3      | Found a runed translucent door.
  2613 | D:3      | Noticed Crazy Yiuf
  2807 | D:3      | Found a glowing golden altar of the Shining One.
  2808 | D:3      | Found a glowing silver altar of Zin.
  2809 | D:3      | Found a white marble altar of Elyvilon.
  3283 | D:4      | Reached skill level 7 in Unarmed Combat
  3283 | D:4      | Reached XP level 7. HP: 32/52 MP: 10/10
  3495 | D:4      | Found a shimmering blue altar of Sif Muna.
  3569 | D:4      | Found Ziroun Ces's Assorted Antiques.
  3578 | D:4      | Bought a scroll labelled YRHULACUI for 17 gold pieces
  3727 | D:5      | Entered Level 5 of the Dungeon
  3758 | D:5      | Found a sand-covered staircase.
  3770 | Ossuary  | Entered an ossuary
  4325 | Ossuary  | Reached XP level 8. HP: 60/60 MP: 12/12
  4549 | D:5      | Noticed Edmund
  4549 | D:5      | Noticed Eustachio
  4560 | D:5      | Noticed Pikel
  4564 | D:4      | Killed Edmund
  4757 | D:5      | Found a bloodstained altar of Trog.
  4757 | D:5      | Found a stormy altar of Qazlal.
  5001 | D:4      | Killed Eustachio
  5236 | D:5      | Found an ancient bone altar of Kikubaaqudgha.
  5294 | D:5      | Found a hazy altar of Hepliaklqana.
  5372 | D:5      | Killed Pikel
  5373 | D:5      | Reached XP level 9. HP: 18/67 MP: 13/15
  5578 | D:5      | Identified the +1 hand axe of the Dragonfly {holy, ^Fragile
                  | rN+ Will+}
  5644 | D:5      | Found a radiant altar of Vehumet.
  5855 | D:5      | Found a hide-covered altar of Uskayaw.
  5895 | D:5      | Reached skill level 5 in Fighting
  6229 | D:6      | Noticed Grinder
  6231 | D:6      | Grinder changed into Grinder the chaos spawn
  6231 | D:6      | Noticed Grinder
  6239 | D:6      | Killed Grinder the chaos spawn
  6531 | D:6      | Noticed Blork the orc
  6625 | D:6      | Reached skill level 8 in Unarmed Combat
  6917 | D:6      | Reached skill level 5 in Invocations
  7111 | D:6      | Killed Blork the orc
  7579 | D:7      | Found a staircase to the Ecumenical Temple.
  7581 | D:7      | Noticed a hornet
  7584 | D:7      | a hornet changed into a swamp dragon
  7584 | D:7      | Noticed a swamp dragon
  7585 | D:7      | a swamp dragon changed into a killer bee
  7585 | D:7      | Noticed Dowan
  7588 | D:7      | Noticed Duvessa
  7605 | D:7      | Killed Duvessa
  7608 | D:7      | Killed Dowan
  7640 | Temple   | Entered the Ecumenical Temple
  7656 | Temple   | Became a worshipper of Dithmenos the Shadowed
  7914 | D:7      | Noticed Prince Ribbit
  8007 | D:7      | Killed Prince Ribbit
  8008 | D:7      | Reached skill level 5 in Short Blades
  8008 | D:7      | Reached skill level 5 in Long Blades
  8008 | D:7      | Reached skill level 5 in Axes
  8008 | D:7      | Reached skill level 5 in Maces & Flails
  8008 | D:7      | Reached skill level 5 in Polearms
  8008 | D:7      | Reached skill level 5 in Staves
  8008 | D:7      | Reached skill level 5 in Ranged Weapons
  8008 | D:7      | Reached skill level 5 in Throwing
  8008 | D:7      | Reached skill level 5 in Armour
  8008 | D:7      | Reached skill level 5 in Stealth
  8008 | D:7      | Reached skill level 5 in Shields
  8008 | D:7      | Reached skill level 5 in Spellcasting
  8008 | D:7      | Reached skill level 5 in Evocations
  8008 | D:7      | Reached XP level 10. HP: 38/76 MP: 9/17
  8586 | D:8      | Found a blossoming altar of Fedhas.
  9164 | D:8      | Identified the +2 falchion of Reasonable Gallantry {flame,
                  | rF- Will++ Str+3}
 10528 | D:9      | Found a sparkling altar of Nemelex Xobeh.
 10558 | D:9      | Noticed an elephant
 10574 | D:9      | Killed an elephant
 10629 | D:9      | Reached * piety under Dithmenos
 10826 | D:9      | Reached skill level 9 in Unarmed Combat
 10937 | D:9      | Found a staircase to the Lair.
 10947 | D:9      | Reached skill level 5 in Conjurations
 10947 | D:9      | Reached skill level 5 in Hexes
 10947 | D:9      | Reached skill level 5 in Summonings
 10947 | D:9      | Reached skill level 5 in Necromancy
 10947 | D:9      | Reached skill level 5 in Translocations
 10947 | D:9      | Reached skill level 5 in Fire Magic
 10947 | D:9      | Reached skill level 5 in Ice Magic
 10947 | D:9      | Reached skill level 5 in Air Magic
 10947 | D:9      | Reached skill level 5 in Earth Magic
 10947 | D:9      | Reached skill level 5 in Alchemy
 10947 | D:9      | Reached XP level 11. HP: 83/83 MP: 20/20
 11531 | D:9      | Found the +4 robe of Augmentation {Str+4 Int+4 Dex+4}
 11552 | D:9      | Found an opulent altar of Gozag.
 11760 | D:10     | Entered Level 10 of the Dungeon
 11760 | D:10     | Found a staircase to the Orcish Mines.
 11852 | D:10     | Found a burning altar of Makhleb.
 11854 | D:10     | Found an iron altar of Okawaru.
 12146 | D:10     | Noticed Lodul
 12183 | D:10     | Killed Lodul
 12190 | D:10     | Slain by an ogre

Illustrated notes

Levels and vault maps discovered:
D:1:      wander_arrival_estate, layout_loops_corners, serial_shops,
          nicolae_shop_just_a_little_nook, roderic_roman_lattice
D:2:      layout_basic, basic_altar, uniq_jessica, uniq_robin, uniq_terence
D:3:      layout_basic, good_gods_temple_1, uniq_crazy_yiuf_cottage,
          uniq_sigmund
D:4:      layout_basic, led_sif_pool, serial_shops, nicolae_lakefront_shop
D:5:      layout_loops_ring, eat_drink_and_be_merry_uskayaw,
          nicolae_vehumet_altar_sigil, grunt_temple_overflow_open,
          nicolae_hepliaklqana_hazy_memory, gup_ossuary_entry_pyramid,
          uniq_pikel, uniq_edmund, uniq_eustachio
D:6:      layout_rooms, uniq_blork_the_orc, uniq_grinder
D:7:      layout_cave_pools, minmay_temple_entry_butterflies, minivault_27,
          serial_library_hellmonk_statue_hall, chequers_arboretum,
          due_unseen_surprise, uniq_prince_ribbit1, uniq_duvessa
D:8:      layout_basic, kennysheep_little_box
D:9:      layout_big_octagon, nicolae_gozag_cash_rules_everything_around_me,
          mainiacjoe_overflow_tiny_flanked, grunt_lair_entry_orc_guard_hut
D:10:     layout_stronghold, chequers_temple_overflow_statue_of_worship,
          orc_0_dummy, grunt_decor_mini_mirrors, uniq_erica, uniq_lodul
Temple:   corrupted_temple

Skill      XL: |  1  2  3  4  5  6  7  8  9 10 11 |
---------------+----------------------------------+-----
Invocations    | 1 2 3 4 5 6 7 |  7.1
Short Blades   | 1 2 3 4 5 6 |  6.4
Long Blades    | 1 2 3 4 5 6 |  6.4
Axes           | 1 2 3 4 5 6 |  6.4
Maces & Flails | 1 2 3 4 5 6 |  6.4
Polearms       | 1 2 3 4 5 6 |  6.4
Staves         | 1 2 3 4 5 6 |  6.4
Ranged Weapons | 1 2 3 4 5 6 |  6.4
Throwing       | 1 2 3 4 5 6 |  6.4
Armour         | 1 2 3 4 5 6 |  6.4
Stealth        | 1 2 3 4 5 6 |  6.4
Shields        | 1 2 3 4 5 6 |  6.4
Spellcasting   | 1 2 3 4 5 6 |  6.4
Evocations     | 1 2 3 4 5 6 |  6.4
Conjurations   | 1 2 3 4 5 |  5.3
Hexes          | 1 2 3 4 5 |  5.3
Summonings     | 1 2 3 4 5 |  5.3
Necromancy     | 1 2 3 4 5 |  5.3
Translocations | 1 2 3 4 5 |  5.3
Fire Magic     | 1 2 3 4 5 |  5.3
Ice Magic      | 1 2 3 4 5 |  5.3
Air Magic      | 1 2 3 4 5 |  5.3
Earth Magic    | 1 2 3 4 5 |  5.3
Alchemy        | 1 2 3 4 5 |  5.3
Fighting       | 3 4 5 6 7 |  7.0
Dodging        | 5 6 7 8 |  8.0
Unarmed Combat | 7 8 9 |  9.3
Shapeshifting  | 7 8 |  8.9

Action                     |  1- 3 |  4- 6 |  7- 9 | 10-12 || total
---------------------------+-------+-------+-------+-------++-------
  Melee: Unarmed           |    55 |    59 |   400 |   332 ||   846
         Bite              |     5 |     3 |    42 |    41 ||    91
         Punch             |     2 |       |    21 |    14 ||    37
  Evoke: Wand              |       |     4 |    12 |       ||    16
    Use: Potion            |       |     1 |     1 |     4 ||     6
         Scroll            |       |       |    15 |     6 ||    21
   Stab: Sleeping          |     1 |       |     4 |     6 ||    11
         Distracted        |       |       |     1 |       ||     1
 Armour: Animal skin       |    26 |     3 |       |       ||    29
         Ring mail         |       |    12 |   185 |       ||   197
         Skin              |       |     6 |       |    84 ||    90
         Robe              |       |       |     4 |    45 ||    49
  Dodge: Dodged            |    24 |    14 |   223 |   294 ||   555
   Form: Flux              |       |       |       |     1 ||     1
